 Dungeon Crawl Stone Soup version 0.31-a0-618-g7ca08c1ff9 (webtiles) character file.

Game seed: 11401531394278951431

320 Dittersdorf the Shield-Bearer (level 6, -2/39 HPs)
             Began as a Gargoyle Fighter on Aug 22, 2023.
             Slain by a goblin
             ... wielding a +0 club
             ... led by Robin
              (4 damage)
             ... on level 3 of the Dungeon.
             The game lasted 00:02:49 (1377 turns).

Dittersdorf the Shield-Bearer (Gargoyle Fighter)    Turns: 1377, Time: 00:02:49

Health: -2/39      AC: 12    Str: 22    XL:     6   Next: 46%
Magic:  6/6        EV:  9    Int:  8    God:
Gold:   34         SH:  4    Dex:  9    Spells: 5/5 levels left

rFire   . . .        a - +0 flail
rCold   . . .        c - +0 buckler
rNeg    + . .        b - +0 scale mail
rPois   ∞            (no helmet)
rElec   +            (no cloak)
rCorr   .            (no gloves)
SInv    +            g - +0 pair of boots
Will    .....        (no amulet) Stlth
                     e - ring of see invisible
HPRegen 0.26/turn    (no ring)
MPRegen 0.10/turn

%: no passive effects
@: no status effects
A: sickness immunity, AC +4, negative energy resistance 1, electricity
resistance, torment resistance 1, petrification resistance
a: no special abilities


You were on level 3 of the Dungeon.
You visited 1 branch of the dungeon, and saw 3 of its levels.

You collected 34 gold pieces.

Inventory:

Hand Weapons
 a - a +0 flail (weapon)
Armour
 b - a +0 scale mail (worn)
 c - a +0 buckler (worn)
 g - a +0 pair of boots (worn)
Jewellery
 e - a ring of see invisible (left hand)
Scrolls
 f - a scroll of acquirement {unknown}
 h - a scroll of teleportation {unknown}
 i - a scroll of fear {unknown}
 k - 2 scrolls of noise {unknown}
 o - a scroll of revelation {unknown}
Potions
 d - 2 potions of might
 j - 2 potions of berserk rage {unknown}
 l - a potion of attraction {unknown}
 m - a potion of cancellation {unknown}
 n - a potion of lignification {unknown}


   Skills:
 + Level 4.7 Fighting
 + Level 3.6 Maces & Flails
 + Level 4.7 Armour
 + Level 4.8 Shields


You had 5 spell levels left.
You didn't know any spells.
Your spell library was empty.

Dungeon Overview and Level Annotations

Branches:
Dungeon (3/15)

Altars:
Zin

Annotations:
D:3 Robin


Innate Abilities, Weirdness & Mutations

You are immune to sickness and miasma.
Your stone body is resilient. (AC +4)
You are immune to poison.
You resist negative energy. (rN+)
You are resistant to electric shocks. (rElec)
You are resistant to unholy torment.
You are immune to petrification.


Message History

You closely miss the kobold.
The goblin no longer looks unusually strong.
The frilled lizard bites you but does no damage.
An ogre comes into view. It is wielding a +0 giant club.
The orc hits you but does no damage. The orc closely misses you.
A goblin comes into view. It is wielding a +0 dagger.
The kobold barely misses you.
Robin roars a battlecry!
The goblins go into a battle-frenzy!
You block the goblin's attack. x2
You hit the kobold.
The kobold is moderately wounded.
The goblin closely misses you.
The frilled lizard bites you but does no damage.
The kobold hits you but does no damage. The goblin hits you but does no damage.
The orc hits you but does no damage. x2; The goblin closely misses you.
You block the frilled lizard's attack. The orc barely misses you.
The orc hits you with a +0 club.
* * * LOW HITPOINT WARNING * * *
The kobold hits you but does no damage. The goblin misses you.
Robin closely misses you.
You hit the kobold.
The kobold is severely wounded.
You block the frilled lizard's attack. The goblin barely misses you.
The orc barely misses you. x2; The kobold hits you but does no damage.
Robin closely misses you. The goblin barely misses you.
You hit the kobold.
You kill the kobold!
The goblin hits you but does no damage. The frilled lizard misses you.
The orc closely misses you. The orc hits you but does no damage.
The goblin hits you but does no damage. Robin throws the goblin at you!
You hit the goblin but do no damage.
The frilled lizard bites you but does no damage.
The goblin hits you but does no damage. The orc hits you but does no damage. x2
Robin hits you but does no damage. The goblin hits you but does no damage.
You block the goblin's attack.
You hit the goblin.
The goblin is severely wounded.
The goblin hits you with a +0 club.
You die...

###............ l#g#
....###....#### #...#
..(..###....# #..#.##
####.###.#..####..##..
....................#
####[##.........#...#
#...............gg..####
#........>..>#.glgg$....
#.....#....<..##@gg.###
#.....#........goo...#
#............###..O.....
.....######### #......##
...... ##....... .......
......# ........ .......
#........ .......
#.........


You could see an ogre, Robin, 2 orcs, 2 hobgoblins, 5 goblins and a frilled
lizard.

Vanquished Creatures
  Grinder (D:3)
  An orc wizard (D:3)
  3 adders (D:3)
  3 dart slugs (D:2)
  2 worms (D:2)
  An orc (D:2)
  2 bats (D:1)
  7 endoplasms
  3 giant cockroaches
  10 goblins
  9 hobgoblins
  2 kobolds
  A quokka (D:1)
  4 ball pythons
  A frilled lizard (D:1)
  2 rats
52 creatures vanquished.

Notes
Turn   | Place    | Note
-------+----------+-------------------------------------------
     0 | D:1      | Dittersdorf the Gargoyle Fighter began the quest for the
                  | Orb.
     0 | D:1      | Reached XP level 1. HP: 14/14 MP: 1/1
    61 | D:1      | Found a faded altar of an unknown god.
   101 | D:1      | Reached XP level 2. HP: 19/19 MP: 2/2
   432 | D:1      | Reached XP level 3. HP: 23/23 MP: 3/3
  1035 | D:2      | Found a glowing silver altar of Zin.
  1077 | D:2      | Reached XP level 4. HP: 26/29 MP: 4/4
  1255 | D:3      | Noticed Grinder
  1256 | D:3      | Paralysed by Grinder for 5 turns
  1266 | D:3      | Paralysed by Grinder for 2 turns
  1274 | D:3      | Paralysed by Grinder for 4 turns
  1285 | D:3      | Killed Grinder
  1286 | D:3      | Reached XP level 5. HP: 27/34 MP: 5/5
  1286 | D:3      | Reached XP level 6. HP: 31/39 MP: 6/6
  1355 | D:3      | Noticed Robin
  1373 | D:3      | HP: 1/39 [orc/+0 club (4)]
  1377 | D:3      | Slain by a goblin

Illustrated notes

Levels and vault maps discovered:
D:1:      roderic_chinese_lattice_arrival, layout_loops_ring,
          chequers_ecumenical_altar_simple
D:2:      layout_rooms, basic_altar, kennysheep_decorative_pillar,
          hangedman_decor_push
D:3:      layout_rooms, chequers_jeans, uniq_robin, uniq_grinder,
          uniq_crazy_yiuf_cottage

Skill      XL: |  1  2  3  4 |
---------------+-------------+-----
Fighting       | 4 |  4.7
Maces & Flails | 3 |  3.6
Armour         | 4 |  4.7
Shields        | 4 |  4.8

Action                     |  1- 3 |  4- 6 || total
---------------------------+-------+-------++-------
  Melee: Flail             |   101 |    53 ||   154
 Armour: Scale mail        |    54 |    83 ||   137
  Dodge: Dodged            |    37 |    63 ||   100
  Block: Buckler           |    23 |    26 ||    49

Table legend: (Time is in decaauts)
 A = Elapsed time spent in this place.
 B = Non-inter-level travel time spent in this place.
 C = Inter-level travel time spent in this place.
 D = Time resting spent in this place.
 E = Time spent auto-exploring this place.
 F = Levels seen in this place.
 G = Mean time per level.
                   A        B        C        D        E       F      G
               +--------+--------+--------+--------+--------+-----+--------+
         Total |   1421 |   1360 |     61 |     42 |    924 |   3 |  473.7 |
       Dungeon |   1421 |   1360 |     61 |     42 |    924 |   3 |  473.7 |
               +--------+--------+--------+--------+--------+-----+--------+

Top non-repeatable levels by time:
     D:1: 727 daAuts
     D:2: 533 daAuts
     D:3: 160 daAuts
